 Dungeon Crawl Stone Soup version 0.14-a0-1653-g0ad7a2c (webtiles) character file.

198 Bastard the Ruffian (level 3, -2/31 HPs)
             Began as a Ghoul Monk on Dec 27, 2013.
             Killed by divine providence
             ... invoked by an orc priest
              (17 damage)
             ... on Level 3 of the Dungeon.
             The game lasted 00:04:20 (1542 turns).

Bastard the Ruffian (Ghoul Monk)                    Turns: 1542, Time: 00:04:21

HP  -2/31        AC  3     Str 14      XL: 3   Next: 64%
MP   3/3         EV 13     Int  5      God:
Gold 153         SH  0     Dex 14      Spells:  0 memorised,  2 levels left

rFire  + . .     SeeInvis .       - Unarmed
rCold  + . .     Clarity  .     a - +0 robe
rNeg   + + +     Conserve .     (no shield)
rPois  +         rCorr    +     (no helmet)
rElec  .         rRot     +     (no cloak)
SustAb . .       Spirit   .     (no gloves)
rMut   .         Warding  .     r - +0 pair of boots
Saprov + + +     Stasis   .     u - amulet of resist corrosion {unknown}
                                d - ring of protection from fire {unknown}
                                n - +2 ring of dexterity

@: rotting, not resistant to hostile enchantments, fairly stealthy
A: rotting body, claws 1, carnivore 3, cold resistance 1, life protection 3,
poison resistance, saprovore 3, slow healing 1, torment resistance, unbreathing
a: no special abilities


You were on level 3 of the Dungeon.
You were not hungry.

You visited 1 branch of the dungeon, and saw 3 of its levels.

You collected 153 gold pieces.

Inventory:

Armour
 a - a +0 robe (worn)
 r - a +0 pair of boots (worn)
Magical devices
 f - a wand of digging (7) {unknown}
Comestibles
 g - a chunk of bat flesh
 l - a slice of pizza
 o - 2 chunks of goblin flesh
Scrolls
 c - 2 scrolls of magic mapping {unknown}
 e - a scroll of teleportation
 h - a scroll of curse jewellery {unknown}
 i - 2 scrolls of curse weapon {unknown}
 k - a scroll of remove curse {unknown}
 m - 2 scrolls of identify {unknown}
 p - a scroll of enchant weapon I {unknown}
Jewellery
 d - a ring of protection from fire (right claw) {unknown}
 n - a +2 ring of dexterity (left claw)
 s - an uncursed amulet of inaccuracy {unknown}
 u - an amulet of resist corrosion (around neck) {unknown}
Potions
 b - 2 potions of curing {unknown}
 j - a potion of restore abilities {unknown}
 q - a potion of agility {unknown}
 t - a potion of flight {unknown}
 v - a potion of confusion {unknown}


   Skills:
 - Level 3.2 Fighting
 - Level 2.6 Dodging
 - Level 2.1 Stealth
 + Level 5.7 Unarmed Combat


You had 2 spell levels left.
You didn't know any spells.

Dungeon Overview and Level Annotations

Branches:
Dungeon (3/16)

Altars:
Fedhas


Innate Abilities, Weirdness & Mutations

Your body is rotting away.
You have sharp fingernails.
You are carnivorous and can eat meat at any time.
Your flesh is cold resistant.
You are immune to negative energy.
Your system is resistant to poisons.
You thrive on rotten meat.
You heal slowly when monsters are visible.
You are immune to unholy pain and torment.
You can survive without breathing.


Message History

You start butchering the bat corpse.
You continue butchering the corpse.
You continue butchering the corpse.
You finish butchering the bat corpse.
g - a chunk of bat flesh You open the door.
There is an open door here.
An orc comes into view. It is wielding an orcish flail.
The orc shouts!
The orc moves out of view.
An orc wizard comes into view. It is wielding an orcish dagger.
An orc priest comes into view.
The orc wizard shouts!
The orc priest mumbles some strange prayers to Beogh against you.
Something smites you!
You claw the orc!
You kill the orc!
The orc priest calls down the wrath of Beogh upon you.
Something smites you!
Ouch! That really hurt!
You die...

+ #.# #..# #..#
##..#
#####..###.#
#o)@.......#
+....o##..######
##### #.## #.#
#.# #.# ##'#####
#......# #
#......#


You could see an orc priest and an orc wizard.

Vanquished Creatures
  A worm (D:2)
  An orc (D:3)
  2 ball pythons
  2 giant cockroaches
  6 goblins
  5 hobgoblins
  7 bats
  2 giant geckos (D:1)
  4 giant newts
  3 kobolds (D:1)
  2 rats (D:1)
35 creatures vanquished.

Notes
Turn   | Place    | Note
--------------------------------------------------------------
     0 | D:1      | Bastard, the Ghoul Monk, began the quest for the Orb.
     0 | D:1      | Reached XP level 1. HP: 19/19 MP: 1/1
   240 | D:1      | Reached XP level 2. HP: 23/26 MP: 2/2
   361 | D:1      | Reached skill level 5 in Unarmed Combat
   832 | D:2      | Reached XP level 3. HP: 31/31 MP: 3/3
  1336 | D:2      | Found a blossoming altar of Fedhas.
  1542 | D:3      | Killed from afar by an orc priest

Action                   || total
-------------------------++-------
Melee: Unarmed           ||    98
  Use: Scroll            ||     1
 Stab: Sleeping          ||     7
